AoeStats
← Pwncakes

Black Forest

507091977Analyzed
4v4 RM · 17d ago on Sep 16, 2026· 42m 10s· 8 players
Game mode
Random Map
Map size
Large (8 player)
Population
200
Speed
Normal
Resources
Standard
Victory
Conquest
Starting age
Dark Age
Ending age
Imperial Age
RankedLock teamsTeams togetherTeam positionsShared explorationLock speedFull tech treeHidden civsTurbo modeCheats
Victory
Defeat
🇵🇪 Bengalis · Peru
1442
+16
1433
+16
🇨🇳 Ethiopians · China
1420
+16
🇺🇸 Persians · United States
1354
+19
🇮🇹 Saracens · Italy
1515
-20
🇹🇼 Byzantines · Taiwan
1451
-18
🇦🇷 Bulgarians · Argentina
1406
-16
🇩🇪 Britons · Germany
1349
-13
Pwncakes
0:46 Loom
0:51 Loom
15:01 Feudal Age
16:02 Double-Bit Axe
19:20 Castle Age
17:30 Fishing Lines
18:29 Double-Bit Axe
20:23 Bow Saw
20:41 Gillnets
26:49 Fletching
30:49 Bodkin Arrow
34:58 Gold Mining
35:45 Wheelbarrow
34:56 Town Watch
35:45 Ballistics
35:39 Masonry
35:50 Ballistics
40:06 Imperial Age
38:32 Scale Barding Armor
39:16 Forging
39:51 Hand Cart
39:53 Bloodlines
41:33 Chemistry
40:18 Cavalier
40:58 Husbandry
41:40 Architecture
帝国孙笑川
3:37 Loom
13:48 Feudal Age
14:14 Horse Collar
14:22 Double-Bit Axe
14:19 Man-at-Arms
20:14 Castle Age
19:14 Fishing Lines
25:52 Imperial Age
23:59 Ballistics
23:33 Fletching
23:47 Crossbowman
25:45 Padded Archer Armor
29:10 Chemistry
28:19 Thumb Ring
28:24 Bodkin Arrow
28:48 Town Watch
30:05 Arbalester
32:28 Bracer
36:51 Leather Archer Armor
37:27 Conscription
39:05 Wheelbarrow
39:11 Siege Engineers
40:30 Hand Cart
Kaanan
10:51 Feudal Age
14:35 Castle Age
12:29 Double-Bit Axe
12:27 Horse Collar
16:03 Wheelbarrow
20:20 Hand Cart
22:10 Town Watch
22:14 Loom
28:11 Imperial Age
25:35 Fletching
26:11 Ballistics
26:42 Bodkin Arrow
27:36 Bow Saw
28:34 Padded Archer Armor
28:58 Bloodlines
28:48 Husbandry
29:04 Bracer
31:23 Chemistry
32:28 Paiks
32:53 Leather Archer Armor
32:23 Elite Elephant Archer
35:43 Ring Archer Armor
34:49 Siege Elephant
37:38 Scale Barding Armor
40:13 Chain Barding Armor
灯窝森曾瑞卜药方松滴
12:27 Feudal Age
15:15 Loom
18:06 Castle Age
16:10 Double-Bit Axe
16:20 Fishing Lines
18:57 Bow Saw
21:09 Wheelbarrow
20:42 Gillnets
21:57 Fervor
22:51 Horse Collar
23:44 Loom
29:41 Imperial Age
29:47 Chemistry
29:48 Houfnice
30:54 Conscription
30:41 Wagenburg Tactics
29:59 Pikeman
30:39 Squires
30:25 Arson
30:46 Heavy Plow
30:47 Scale Mail Armor
30:57 Forging
31:14 Hand Cart
31:15 Halberdier
33:21 Two-Man Saw
33:19 Chain Mail Armor
33:40 Iron Casting
35:25 Plate Mail Armor
39:30 Siege Engineers
39:46 Ballistics
40:01 Coinage
zzzz123
1:02 Loom
17:01 Feudal Age
17:51 Double-Bit Axe
20:41 Castle Age
19:45 Fishing Lines
21:24 Gold Mining
21:51 Bow Saw
24:32 Sanctity
25:16 Redemption
27:11 Horse Collar
33:07 Imperial Age
32:00 Fletching
32:49 Bodkin Arrow
32:43 Elite Skirmisher
33:27 Padded Archer Armor
33:58 Bracer
34:20 Block Printing
34:59 Ballistics
35:00 Leather Archer Armor
36:50 Chemistry
36:52 Ring Archer Armor
41:35 Thumb Ring
42:10 Forging
ELCOCHINOTE
11:44 Feudal Age
12:36 Fishing Lines
16:02 Castle Age
14:04 Double-Bit Axe
17:09 Bow Saw
20:57 Gillnets
24:38 Wheelbarrow
23:50 Loom
28:56 Imperial Age
28:07 Gambesons
28:27 Scale Mail Armor
28:38 Forging
29:03 Squires
28:51 Arson
30:51 Chain Mail Armor
31:12 Iron Casting
32:11 Plate Mail Armor
35:28 Blast Furnace
Nogard
8:53 Loom
11:06 Feudal Age
11:51 Double-Bit Axe
16:07 Castle Age
14:50 Horse Collar
17:20 Bow Saw
18:32 Fishing Lines
20:50 Wheelbarrow
21:23 Gold Mining
21:28 Stone Mining
23:50 Gold Shaft Mining
23:53 Heavy Plow
25:25 Hand Cart
26:38 Scale Barding Armor
26:44 Forging
28:56 Town Watch
30:00 Iron Casting
29:45 Chain Barding Armor
29:59 Ballistics
29:20 Treadmill Crane
30:06 Town Patrol
32:42 Imperial Age
30:39 Bimaristan
30:51 Fervor
31:02 Sanctity
32:17 Bloodlines
32:07 Husbandry
31:37 Light Cavalry
33:00 Masonry
34:42 Chemistry
34:43 Blast Furnace
34:18 Plate Barding Armor
33:15 Hussar
34:39 Conscription
35:52 Block Printing
37:31 Siege Engineers
Agen
3:38 Loom
12:05 Feudal Age
17:09 Castle Age
15:12 Double-Bit Axe
16:14 Fishing Lines
18:05 Bow Saw
19:59 Gillnets
30:21 Imperial Age
27:54 Fletching
29:06 Wheelbarrow
28:33 Padded Archer Armor
28:58 Ballistics
29:13 Bodkin Arrow
29:56 Leather Archer Armor
30:13 Elite Skirmisher
32:04 Bracer
33:34 Chemistry
34:55 Ring Archer Armor
Connection lost

Rejoining the realm…

Still unreachable

The connection could not be restored.

Session expired

The server has moved on; the page needs a fresh start.